 Dungeon Crawl Stone Soup version 0.32-a0-422-g28b100f618 (webtiles) character file.

Game seed: 8501415854138782221

74 Dittersdorf the Covered (level 4, -1/29 HPs)
             Began as a Gargoyle Fighter on Feb 21, 2024.
             Slain by a black bear (4 damage)
             ... on level 3 of the Dungeon.
             The game lasted 00:01:30 (1618 turns).

Dittersdorf the Covered (Gargoyle Fighter)          Turns: 1618, Time: 00:01:30

Health: -1/29      AC: 14    Str: 21    XL:     4   Next: 28%
Magic:  4/4        EV:  5    Int:  9    God:
Gold:   113        SH: 11    Dex:  9    Spells: 3/3 levels left

rFire   . . .        a - +0 flail
rCold   . . .        l - +0 tower shield
rNeg    + . .        p - +0 chain mail
rPois   ∞            o - +0 helmet
rElec   +            (no cloak)
rCorr   .            (no gloves)
SInv    .            (no boots)
Will    .....        (no amulet) Stlth
                     (no ring)
HPRegen 0.24/turn    (no ring)
MPRegen 0.09/turn

%: no passive effects
@: no status effects
A: sickness immunity, AC +3, negative energy resistance 1, electricity
resistance, torment resistance 1, petrification resistance
a: no special abilities


You were on level 3 of the Dungeon.
You visited 1 branch of the dungeon, and saw 3 of its levels.

You collected 113 gold pieces.

Inventory:

Hand Weapons
 a - a +0 flail (weapon)
Armour
 l - a +0 tower shield (worn)
 o - a +0 helmet (worn)
 p - a +0 chain mail (worn)
Scrolls
 c - a scroll of enchant weapon {unknown}
 e - 2 scrolls of teleportation {unknown}
 f - a scroll of poison {unknown}
 g - 2 scrolls of identify {unknown}
 i - a scroll of enchant armour {unknown}
 m - a scroll of immolation {unknown}
Potions
 d - a potion of might
 h - a potion of heal wounds {unknown}
 j - 5 potions of curing {unknown}
 k - a potion of enlightenment {unknown}
 n - 2 potions of attraction {unknown}


   Skills:
 + Level 3.9 Fighting
 + Level 2.7 Maces & Flails
 + Level 4.0 Armour
 + Level 3.9 Shields


You had 3 spell levels left.
You didn't know any spells.
Your spell library contained the following spells:

 Spells                   Type           Power      Damage    Failure   Level
 Call Canine Familiar     Summ           0%         N/A       100%        3
 Inner Flame              Hex/Fire       0%         N/A       100%        3
 Sigil of Binding         Hex            0%         N/A       100%        3
 Dimensional Bullseye     Hex/Tloc       0%         N/A       100%        4
 Flame Wave               Conj/Fire      0%         2d4       100%        4
 Sticky Flame             Fire/Alch      0%         2d4       100%        4


Dungeon Overview and Level Annotations

Branches:
Dungeon (3/15)

Altars:
Trog
Xom


Innate Abilities, Weirdness & Mutations

You are immune to sickness and miasma.
Your stone body is resilient. (AC +3)
You are immune to poison.
You resist negative energy. (rN+)
You are resistant to electric shocks. (rElec)
You are resistant to unholy torment.
You are immune to petrification.


Message History

You are too injured to fight recklessly!
You are too injured to fight recklessly!
You are too injured to fight recklessly!
You are too injured to fight recklessly!
You are too injured to fight recklessly!
You are too injured to fight recklessly!
You are too injured to fight recklessly!
You are too injured to fight recklessly!
You are too injured to fight recklessly!
You are too injured to fight recklessly!
You are too injured to fight recklessly!
You hit the black bear.
The black bear is heavily wounded.
The black bear bites you but does no damage.
The black bear claws you.
* * * LOW HITPOINT WARNING * * *
You block the black bear's attack.
You hit the black bear.
The black bear is severely wounded.
The black bear bites you but does no damage.
The black bear claws you but does no damage.
You block the black bear's attack. x2
The black bear claws you but does no damage. x2
You hit the black bear.
The black bear is severely wounded.
The black bear bites you but does no damage.
You block the black bear's attack. x2
You barely miss the black bear.
The black bear is severely wounded.
The black bear bites you but does no damage.
You block the black bear's attack.
The black bear claws you but does no damage.
The black bear bites you.
* * * LOW HITPOINT WARNING * * *
The black bear claws you but does no damage.
You block the black bear's attack.
You barely miss the black bear.
The black bear is severely wounded.
The black bear bites you.
You die...

########.
#.h......
#@≈≈≈≈≈≈≈
#.≈§§....
#.≈§≈§≈§≈.≈.
#.≈§§...≈.≈.#
#.§§≈._.≈.≈.#
###.≈.≈§§§≈.≈.#
#...≈.§§≈.≈.≈.#
#.......§...≈.##
♣#..≈≈≈≈≈≈≈≈≈..#


You could see a black bear.

Vanquished Creatures
  2 endoplasms
  3 giant cockroaches
  4 goblins
  6 hobgoblins
  6 jackals (D:1)
  2 quokkas (D:2)
  4 ball pythons
  5 bats
  4 frilled lizards
  4 kobolds
  A rat (D:2)
41 creatures vanquished.

Notes
Turn   | Place    | Note
-------+----------+-------------------------------------------
     0 | D:1      | Dittersdorf the Gargoyle Fighter began the quest for the
                  | Orb.
     0 | D:1      | Reached XP level 1. HP: 14/14 MP: 1/1
    13 | D:1      | Found a faded altar of an unknown god.
    95 | D:1      | Reached XP level 2. HP: 16/19 MP: 2/2
   251 | D:1      | Reached XP level 3. HP: 18/23 MP: 3/3
   988 | D:2      | Reached XP level 4. HP: 28/29 MP: 4/4
  1487 | D:3      | Found a bloodstained altar of Trog.
  1536 | D:3      | Reached skill level 4 in Armour
  1592 | D:3      | Found a shimmering altar of Xom.
  1603 | D:3      | Noticed a black bear
  1618 | D:3      | Slain by a black bear

Illustrated notes

Levels and vault maps discovered:
D:1:      wander_arrival_fairy_ring, layout_rooms,
          shapermc_ecumenical_altar_starsandcircs
D:2:      layout_basic, kennysheep_boxes
D:3:      minmay_chambers_of_threes, layout_basic, mainiacjoe_overflow_chevrons,
          mainiacjoe_overflow_concentric_impassable,
          pdpol_wu_jian_five_deadly_venoms, serial_shops,
          nicolae_shop_pleasant_corner_grove, chequers_serial_rivers_large_a,
          uniq_crazy_yiuf_cottage, uniq_ijyb, uniq_pargi, uniq_grinder

Skill      XL: |  1  2  3  4 |
---------------+-------------+-----
Armour         | 4 |  4.0
Fighting       | |  3.9
Maces & Flails | |  2.7
Shields        | |  3.9

Action                     |  1- 3 |  4- 6 || total
---------------------------+-------+-------++-------
  Melee: Flail             |   110 |    48 ||   158
 Armour: Scale mail        |    90 |    18 ||   108
         Chain mail        |       |    30 ||    30
  Dodge: Dodged            |    37 |    11 ||    48
  Block: Buckler           |    12 |       ||    12
         Tower shield      |    34 |    43 ||    77

Table legend: (Time is in decaauts)
 A = Elapsed time spent in this place.
 B = Non-inter-level travel time spent in this place.
 C = Inter-level travel time spent in this place.
 D = Time resting spent in this place.
 E = Time spent auto-exploring this place.
 F = Levels seen in this place.
 G = Mean time per level.
                   A        B        C        D        E       F      G
               +--------+--------+--------+--------+--------+-----+--------+
         Total |   1689 |   1625 |     64 |      0 |   1198 |   3 |  563.0 |
       Dungeon |   1689 |   1625 |     64 |      0 |   1198 |   3 |  563.0 |
               +--------+--------+--------+--------+--------+-----+--------+

Top non-repeatable levels by time:
     D:2: 883 daAuts
     D:1: 589 daAuts
     D:3: 216 daAuts
